 Dungeon Crawl Stone Soup version 0.31.0-9-g3a7656b989 (webtiles) character file.

Game seed: 10665498469495236051

109 qw the Skirmisher (level 4, -8/25 HPs)
             Began as a Deep Elf Hunter on Feb 2, 2024.
             Mangled by an ogre
             ... wielding a +0 giant spiked club
              (33 damage)
             ... on level 4 of the Dungeon.
             The game lasted 00:00:09 (2319 turns).

qw the Skirmisher (Deep Elf Hunter)                 Turns: 2319, Time: 00:00:09

Health: -8/25      AC:  7    Str: 10    XL:     4   Next: 60%
Magic:  6/6        EV: 11    Int: 14    God:
Gold:   95         SH:  0    Dex: 18    Spells: 3/3 levels left

rFire   . . .        a - +0 shortbow
rCold   . . .        (shield currently unavailable)
rNeg    . . .        j - +0 ring mail
rPois   .            (no helmet)
rElec   .            b - +0 cloak {Stlth+}
rCorr   .            (no gloves)
SInv    .            l - +0 pair of boots
Will    .....        (no amulet)
Stlth   ++           (no ring)
HPRegen 0.24/turn    (no ring)
MPRegen 0.10/turn

%: no passive effects
@: attractive
A: no striking features
a: no special abilities


You were on level 4 of the Dungeon.
You visited 1 branch of the dungeon, and saw 4 of its levels.

You collected 95 gold pieces.


   Skills:
 - Level 1.5 Fighting
 + Level 8.0 Ranged Weapons
 - Level 2.4 Dodging
 - Level 1.2 Stealth


You had 3 spell levels left.
You didn't know any spells.
Your spell library was empty.

Inventory:

Hand Weapons
 a - a +0 shortbow (weapon)
Armour
 b - a +0 cloak of stealth (worn)
 j - a +0 ring mail (worn)
 l - a +0 pair of boots (worn)
Scrolls
 c - 2 scrolls of teleportation
Potions
 d - a potion of curing
 i - a potion of berserk rage {unknown}

Dungeon Overview and Level Annotations

Branches:
Dungeon (4/15)
 Temple: D:4-7

Altars:

Shops:
D:1 *


Message History

You continue putting on your +0 pair of boots. x4
You finish putting on your +0 pair of boots.
Done exploring.
2296 ||| READING 2 scrolls labelled BAV RUMUOMU.
As you read the scroll labelled BAV RUMUOMU, it crumbles to dust.
You hear a loud clanging noise!
It was a scroll of noise.
Done exploring.
2297 ||| READING scroll labelled SIUPSA TEIMN.
As you read the scroll labelled SIUPSA TEIMN, it crumbles to dust.
It is a scroll of identify.
2297 ||| IDENTIFYING inky potion;
f - a potion of brilliance Done exploring.
2298 ||| READING scroll labelled AZXAIC YNLUI.
As you read the scroll labelled AZXAIC YNLUI, it crumbles to dust.
You assume a fearsome visage.
Nothing appears to happen.
It was a scroll of fear.
Done exploring.
2299 ||| DRINKING 2 orange potions.
It was a potion of attraction.
You feel attractive to monsters.
Done exploring.
2300 ||| DROPPING scroll of noise.
You drop a scroll of noise.
Done exploring.
2301 ||| DROPPING potion of brilliance.
You drop a potion of brilliance.
Done exploring.
2302 ||| DROPPING potion of attraction.
You drop a potion of attraction.
Done exploring.
What level of the Dungeon? (default 3, ? - help)
There is a stone staircase leading down here.
You climb downwards.
The iguana is attracted toward you. The kobold is attracted toward you.
Found five items.
There is a stone staircase leading up here.
There are monsters nearby!
Waypoint 3 assigned to D:4.
2319 ||| STAIRDANCE The ogre shouts!
The iguana hisses angrily.
The kobold shouts!
The ogre hits you with a +0 giant spiked club!!
Ouch! That really hurt!
You die...

#### #####
#$..##...##
./........##
..!.......¤#
...........###
.......[.l...
¤.K!.$....#
#..@..#
.......#O##
####### .# .#
.# .. $. ##


You could see an ogre, an iguana and a kobold.

Vanquished Creatures
  3 adders
  2 ribbon worms (D:3)
  3 dart slugs
  3 bats
  6 endoplasms
  2 giant cockroaches
  5 goblins
  8 hobgoblins
  8 jackals
  A quokka (D:3)
  7 ball pythons
  5 frilled lizards
  10 kobolds
  2 rats
65 creatures vanquished.

Notes
Turn   | Place    | Note
-------+----------+-------------------------------------------
     0 | D:1      | qw the Deep Elf Hunter began the quest for the Orb.
     0 | D:1      | Reached XP level 1. HP: 12/12 MP: 3/3
     0 | D:1      | 0 ||| qw: Version: 0.3-a-155-g5e7d8dd
     0 | D:1      | 0 ||| qw: Game counter: 2145
     0 | D:1      | 0 ||| qw: Melee chars always use a shield: true
     0 | D:1      | 0 ||| qw: God list: Okawaru
     0 | D:1      | 0 ||| qw: Allow faded altars: false
     0 | D:1      | 0 ||| qw: Do Orc after clearing Dungeon:15 true
     0 | D:1      | 0 ||| qw: Do second Lair branch before Depths: true
     0 | D:1      | 0 ||| qw: Lair rune preference: random
     0 | D:1      | 0 ||| qw: Goals: Normal
     0 | D:1      | 0 ||| PLANNING D:1-11
     8 | D:1      | Found Ywamegunn's General Store.
    18 | D:1      | 18 ||| SHOPLISTING +0 ring mail (48 gold, have 0).
    63 | D:1      | Reached XP level 2. HP: 16/16 MP: 4/4
    81 | D:1      | Reached skill level 6 in Ranged Weapons
   297 | D:1      | Reached XP level 3. HP: 18/20 MP: 5/5
   479 | D:1      | 479 ||| UPGRADING to +0 ring mail.
   489 | D:1      | 489 ||| DROPPING +0 leather armour.
   492 | D:1      | 492 ||| READING scroll labelled LIGIER SIRUL.
   497 | D:1      | 497 ||| READING scroll labelled TASSOYZOVI.
   498 | D:1      | 498 ||| READING scroll labelled LIUZITAXERGH.
   499 | D:1      | 499 ||| READING scroll labelled IRAGOSE WOUR.
   500 | D:1      | 500 ||| DROPPING scroll of butterflies.
   587 | D:2      | Reached skill level 7 in Ranged Weapons
   754 | D:2      | 754 ||| READING scroll labelled BIRUXZ NESAE.
  1021 | D:2      | Reached XP level 4. HP: 18/25 MP: 6/6
  1021 | D:2      | 1021 ||| FLEEEEING.
  1022 | D:2      | 1022 ||| FLEEEEING.
  1023 | D:2      | 1023 ||| FLEEEEING.
  1024 | D:2      | 1024 ||| FLEEEEING.
  1025 | D:2      | 1025 ||| STAIRDANCE
  1058 | D:1      | 1058 ||| UPGRADING to +0 cloak of stealth.
  1479 | D:2      | 1479 ||| READING scroll labelled HOL LYOMUTUR.
  1580 | D:2      | 1580 ||| DRINKING 2 fizzy black potions.
  1788 | D:3      | Reached skill level 8 in Ranged Weapons
  2291 | D:3      | 2291 ||| UPGRADING to +0 pair of boots.
  2296 | D:3      | 2296 ||| READING 2 scrolls labelled BAV RUMUOMU.
  2297 | D:3      | 2297 ||| READING scroll labelled SIUPSA TEIMN.
  2297 | D:3      | 2297 ||| IDENTIFYING inky potion
  2298 | D:3      | 2298 ||| READING scroll labelled AZXAIC YNLUI.
  2299 | D:3      | 2299 ||| DRINKING 2 orange potions.
  2300 | D:3      | 2300 ||| DROPPING scroll of noise.
  2301 | D:3      | 2301 ||| DROPPING potion of brilliance.
  2302 | D:3      | 2302 ||| DROPPING potion of attraction.
  2318 | D:4      | Noticed an ogre
  2319 | D:4      | 2319 ||| STAIRDANCE
  2319 | D:4      | Mangled by an ogre

Levels and vault maps discovered:
D:1:      lightli_molten_gateway, layout_basic, serial_shops, shop,
          hangedman_decor_lopped
D:2:      layout_loops_corners, chequers_serial_rivers_micro_e,
          nicolae_concentric_dashed_squares_mild
D:3:      layout_loops_ring
D:4:      layout_rooms

Skill      XL: |  1  2  3  4 |
---------------+-------------+-----
Ranged Weapons | 6 7 8 |  8.0
Fighting       | |  1.5
Dodging        | |  2.4
Stealth        | |  1.2

Action                     |  1- 3 |  4- 6 || total
---------------------------+-------+-------++-------
   Fire: Shortbow          |   105 |    59 ||   164
    Use: Scroll            |     5 |     4 ||     9
         Potion            |       |     2 ||     2
 Armour: Leather armour    |     6 |       ||     6
         Ring mail         |    10 |     4 ||    14
  Dodge: Dodged            |    21 |     5 ||    26

Table legend:
 A = Non-vault XP
 B = Vault XP
 C = Vault XP percentage of total XP
 D = Non-vault monster count
 E = Vault monster count
 F = Vault count percentage of total count
                 A         B        C        D         E       F
            +---------+---------+-------+---------+---------+-------
      Total |     157 |       0 |   0.0 |      65 |       0 |   0.0
            +---------+---------+-------+---------+---------+-------
        D:1 |      48 |       0 |   0.0 |      26 |       0 |   0.0
        D:2 |      60 |       0 |   0.0 |      20 |       0 |   0.0
        D:3 |      49 |       0 |   0.0 |      19 |       0 |   0.0
            +---------+---------+-------+---------+---------+-------
